Match 42747964
Unlisted

Match 42747964
End
Vickers Machine Gun Team
Construct Section Command Post
Selects Australian Defense Battlegroup
Selects Australian Light Infantry Section
Dingo Light Scout Car
Infantry Section
Australian Light Infantry Section
Construct Platoon Command Post
Grenade Package
CMP 15cwt Truck
Infantry Section
Infantry Section
Selects Defensive Tactics
Selects Hold the Line!
Unlock Bishop Self-propelled Artillery
Bishop Self-propelled Artillery
Bishop Self-propelled Artillery
Infantry Section
Selects CMP 15cwt Supply Run
Selects Reinforced Resource Caches
zugru90
Hold My Beer
昌江县县委书记
Knightz
JDG
Synthoras
b1ackie360
qazxsw
0
0

Comments sign in to comment!

No comments posted yet!